 Dungeon Crawl Stone Soup version 0.26-a0-757-g626ac9e51a (webtiles) character file.

Game seed: 12400902557657354388

151 muata the Vandal (level 5, 0/35 HPs)
             Began as a Halfling Hunter on Oct 28, 2020.
             Slain by a gnoll
             ... wielding a +0 spear
              (5 damage)
             ... on level 3 of the Dungeon on Nov 8, 2020.
             The game lasted 00:13:52 (2237 turns).

muata the Vandal (Halfling Hunter)                  Turns: 2237, Time: 00:13:53

Health: 0/35       AC:  3    Str: 13    XL:     5   Next: 59%
Magic:  5/5        EV:  8    Int:  9    God:
Gold:   182        SH:  0    Dex: 16    Spells: 4/4 levels left

rFire    . . .     SeeInvis .   a - +1 hunting sling
rCold    . . .     Faith    .   (shield restricted)
rNeg     . . .     Spirit   .   c - +0 leather armour
rPois    .         Reflect  .   (no helmet)
rElec    .         Harm     .   (no cloak)
rCorr    .         Rampage  .   (no gloves)
MR       .....                  (no boots)
Stlth    ++........             (no amulet)
HPRegen  0.11/turn              (no ring)
MPRegen  0.09/turn              (no ring)

@: lethally poisoned (0 -> -2), held
A: small, mutation resistance 1
a: no special abilities


You were on level 3 of the Dungeon.
You visited 1 branch of the dungeon, and saw 3 of its levels.

You collected 182 gold pieces.

Inventory:

Hand Weapons
 a - a +1 hunting sling (weapon)
 b - a +0 short sword
Missiles
 d - 94 sling bullets
 e - 116 stones (quivered)
 q - 16 poisoned darts
Armour
 c - a +0 leather armour (worn)
Jewellery
 j - an uncursed ring of protection from magic {unknown}
 w - an uncursed ring of ice {unknown}
Scrolls
 f - 2 scrolls of teleportation {unknown}
 i - 2 scrolls of magic mapping {unknown}
 m - a scroll of fog {unknown}
 n - a scroll of random uselessness {unknown}
 p - 3 scrolls of amnesia {unknown}
 r - 3 scrolls of identify {unknown}
 s - a scroll of immolation {unknown}
 t - 3 scrolls of remove curse {unknown}
 x - a scroll of fear {unknown}
Potions
 g - a potion of degeneration {unknown}
 h - a potion of magic {unknown}
 k - 2 potions of flight {unknown}
 l - a potion of cancellation {unknown}
 o - 2 potions of mutation {unknown}
 u - a potion of lignification {unknown}
 v - a potion of brilliance {unknown}
 z - a potion of might {unknown}


   Skills:
 + Level 2.7 Fighting
 - Level 0.1 Short Blades
 + Level 7.6 Slings
 - Level 0.4 Armour
 + Level 3.0 Dodging
 + Level 2.3 Stealth


You had 4 spell levels left.
You didn't know any spells.
Your spell library was empty.

Dungeon Overview and Level Annotations

Branches:
Dungeon (3/15)

Altars:


Innate Abilities, Weirdness & Mutations

You are small and have problems with some larger weapons.
You are somewhat resistant to further mutation.


Message History

The gnoll throws a throwing net.
The throwing net barely misses you.
Firing (i - inventory. (/) - cycle)
e - 117 stones (quivered)
Press: ? - help, Shift-Dir - straight line, f/p - gnoll
Aim: a gnoll, wielding a +0 spear (lightly wounded)
You shoot a stone. The stone closely misses the gnoll.
You feel sick.
The gnoll throws a throwing net.
The throwing net hits you.
You become entangled in the net!
You tear a large gash into the net.
Unknown command.
A gnoll comes into view.
The gnoll hits you from afar with a +0 spear!
You feel sick. The gnoll hits you but does no damage.
The gnoll hits you from afar with a +0 spear!
* * * LOW HITPOINT WARNING * * *
The gnoll hits you from afar with a +0 spear.
* * * LOW HITPOINT WARNING * * *
The gnoll shouts!
The gnoll barely misses you.
The gnoll hits you from afar with a +0 spear.
You die...

#. #. ## #. ...
#.########
....#........
..........########
#>............##
#....@.######..#
#..#...# ##.##
#.)#(gg# #..# #
#......# ##.##
.#..#......# #..#
........(g.# ##.##
.######.#(.# #..#
#.....(.##########.##
#.##...........# #..#


You could see 3 gnolls.

Vanquished Creatures
  An orc wizard (D:3)
  3 adders (D:3)
  2 worms
  A dart slug (D:1)
  3 leopard geckos (D:1)
  4 orcs
  13 bats
  3 giant cockroaches
  6 goblins
  5 hobgoblins
  10 jackals
  A ball python (D:1)
  4 frilled lizards (D:1)
  7 kobolds
  12 rats
75 creatures vanquished.

Notes
Turn   | Place    | Note
-------+----------+-------------------------------------------
     0 | D:1      | muata the Halfling Hunter began the quest for the Orb.
     0 | D:1      | Reached XP level 1. HP: 14/14 MP: 1/1
    43 | D:1      | Reached skill level 6 in Slings
    73 | D:1      | Reached XP level 2. HP: 18/19 MP: 2/2
   230 | D:1      | Reached XP level 3. HP: 22/24 MP: 3/3
   350 | D:1      | Reached skill level 7 in Slings
   645 | D:1      | Reached XP level 4. HP: 29/29 MP: 4/4
  1671 | D:3      | Reached XP level 5. HP: 14/35 MP: 5/5
  1880 | D:3      | Upgraded the game from 0.26-a0-708-g17f3b190f9 to
                  | 0.26-a0-757-g626ac9e51a
  2237 | D:3      | Slain by a gnoll

Illustrated notes

Levels and vault maps discovered:
D:1:      zelgadis_glass_arrival_small, layout_basic, skrybe_limestone_x,
          minmay_bisected
D:2:      layout_basic, st_stairs_7, hex_medium
D:3:      layout_basic

Skill      XL: |  1  2  3  4  5 |
---------------+----------------+-----
Slings         | 6 7 |  7.6
Fighting       | 2 |  2.7
Stealth        | 2 |  2.3
Dodging        | 3 |  3.0
Short Blades   | |  0.1
Armour         | |  0.4

Action                   |  1- 3 |  4- 6 || total
-------------------------+-------+-------++-------
Melee: Short sword       |     7 |       ||     7
 Fire: Hunting sling     |    97 |   119 ||   216
Armor: Leather armour    |    25 |     7 ||    32
Dodge: Dodged            |    64 |    39 ||   103

Table legend: (Time is in decaauts)
 A = Elapsed time spent in this place.
 B = Non-inter-level travel time spent in this place.
 C = Inter-level travel time spent in this place.
 D = Time resting spent in this place.
 E = Time spent auto-exploring this place.
 F = Levels seen in this place.
 G = Mean time per level.
                   A        B        C        D        E       F      G
               +--------+--------+--------+--------+--------+-----+--------+
         Total |   2205 |   2128 |     77 |    305 |   1009 |   3 |  735.0 |
       Dungeon |   2205 |   2128 |     77 |    305 |   1009 |   3 |  735.0 |
               +--------+--------+--------+--------+--------+-----+--------+

Top non-repeatable levels by time:
     D:2: 978 daAuts
     D:1: 759 daAuts
     D:3: 467 daAuts
